A- WEST
STOCKTON PORTS @ MODESTO NUTS
05/18/2042
 
TOP OF THE 1ST
Stockton Ports batting - Pitching for Modesto Nuts : RHP Juan Medina
Pitching: RHP Juan Medina
Batting: RHB Sergio Chapa 0-0: Called Strike
0-1: Ball
1-1: Ball
2-1: Foul Ball, location: 23FF
2-2: Ball
3-2: SINGLE (Groundball, P, EV 88.1 MPH) (infield hit)
Batting: RHB Dan Carter 0-0: Ball
Pickoff Throw to First - Out! 1-3
1-0: Called Strike
1-1: Ball
2-1: Ball
3-1: Base on Balls
Batting: LHB Jonathan McNeal 0-0: Ball
1-0: Foul Ball, location: 2F
1-1: Swinging Strike
1-2: Strikes out swinging
Batting: LHB Donnie Briggs 0-0: Called Strike
0-1: Foul Ball, location: 5F
0-2: Ball
Pickoff Throw to First - Out! 1-3
Top of the 1st over - 0 runs, 1 hit, 0 errors, 0 left on base; Stockton 0 - Modesto 0
BOTTOM OF THE 1ST
Modesto Nuts batting - Pitching for Stockton Ports : LHP Artie Hendricks
Pitching: LHP Artie Hendricks
Batting: LHB Juan Alvarado 0-0: Ball
1-0: Called Strike
1-1: Foul Ball, location: 9LSF
1-2: Ball
2-2: Foul Ball, location: 2F
2-2: Fly out, F7 (Flyball, 7S, EV 83.1 MPH)
Batting: RHB Arturo López 0-0: Ball
1-0: Ball
2-0: Fly out, F8 (Flyball, 89D, EV 105.6 MPH)
Batting: SHB Luis Vera 0-0: Swinging Strike
0-1: Foul Ball, location: 9LSF
0-2: Strikes out swinging
Bottom of the 1st over - 0 runs, 0 hits, 0 errors, 0 left on base; Stockton 0 - Modesto 0
TOP OF THE 2ND
Stockton Ports batting - Pitching for Modesto Nuts : RHP Juan Medina
Batting: LHB Donnie Briggs 0-0: Called Strike
0-1: Ball
1-1: SINGLE (Groundball, 34D, EV 101.3 MPH)
Batting: LHB Artie Hendricks 0-0: Ball
1-0: Called Strike
1-1: Foul Ball, location: 2F
1-2: Strikes out swinging
Batting: RHB Don Thompson 0-0: Called Strike
0-1: Grounds into double play, 1-4-3 (Groundball, P, EV 66.9 MPH)
Top of the 2nd over - 0 runs, 1 hit, 0 errors, 0 left on base; Stockton 0 - Modesto 0
BOTTOM OF THE 2ND
Modesto Nuts batting - Pitching for Stockton Ports : LHP Artie Hendricks
Batting: RHB Álex Ibarra 0-0: Ball
1-0: Called Strike
1-1: Swinging Strike
1-2: Ball
2-2: Foul Ball, location: 7LDF
2-2: Foul Ball, location: 9LDF
2-2: Ball
3-2: Foul Ball, location: 5F
3-2: Fly out, F9 (Flyball, 9, EV 86.9 MPH)
Batting: LHB Luis Pérez 0-0: Ball
1-0: Foul Ball, location: 3DF
1-1: SINGLE (Flyball, 78S, EV 93.8 MPH)
Batting: RHB Dan Smith 0-0: Ball
1-0: Foul Ball, location: 25FF
1-1: Ball
2-1: Foul Ball, location: 9LMF
2-2: Ball
3-2: SINGLE (Line Drive, 8RS, EV 97.5 MPH)
Luis Pérez to second
Batting: RHB Terence Collins 0-0: Ball
1-0: Called Strike
1-1: Ball
2-1: Ball
3-1: Base on Balls
Luis Pérez to third
Dan Smith to second
Batting: LHB Marc Hooke 0-0: Called Strike
0-1: Ball
1-1: Ball
2-1: SINGLE (Groundball, 4, EV 104.4 MPH) (infield hit)
Luis Pérez scores
Dan Smith to third
Terence Collins to second
Batting: RHB Gene Long 0-0: Fly out, F9 (Flyball, 9, EV 85.0 MPH)
Runner from 3rd tags up, SCORES, throw by RF
Terence Collins to third
Batting: LHB Juan Alvarado 0-0: Fly out, F9 (Flyball, 9, EV 93.1 MPH)
Bottom of the 2nd over - 2 runs, 3 hits, 0 errors, 2 left on base; Stockton 0 - Modesto 2
TOP OF THE 3RD
Stockton Ports batting - Pitching for Modesto Nuts : RHP Juan Medina
Batting: LHB Clint Novak 0-0: Ball
1-0: Ball
2-0: Ball
3-0: Called Strike
3-1: Foul Ball, location: 7LMFF
3-2: DOUBLE (Line Drive, 89M, EV 98.1 MPH)
Batting: RHB Héctor Cintrón 0-0: Called Strike
0-1: Ball
1-1: Ground out U3 (Groundball, 34, EV 103.1 MPH)
Clint Novak to third
Batting: RHB Mario Miranda 0-0: Called Strike
0-1: Ball
1-1: Fly out, F8 (Flyball, 8LM, EV 98.8 MPH)
Batting: RHB Sergio Chapa 0-0: Called Strike
0-1: Called Strike
0-2: Ground out 5-3 (Groundball, 56S, EV 91.3 MPH)
Top of the 3rd over - 0 runs, 1 hit, 0 errors, 1 left on base; Stockton 0 - Modesto 2
BOTTOM OF THE 3RD
Modesto Nuts batting - Pitching for Stockton Ports : LHP Artie Hendricks
Batting: RHB Arturo López 0-0: Ball
1-0: Foul Ball, location: 2F
1-1: Called Strike
1-2: Ground out 4-3 (Groundball, 4, EV 75.6 MPH)
Batting: SHB Luis Vera 0-0: Called Strike
0-1: Ball
1-1: Fly out, F9 (Flyball, 9LM, EV 100.0 MPH)
Batting: RHB Álex Ibarra 0-0: Swinging Strike
0-1: Called Strike
0-2: Strikes out swinging
Bottom of the 3rd over - 0 runs, 0 hits, 0 errors, 0 left on base; Stockton 0 - Modesto 2
TOP OF THE 4TH
Stockton Ports batting - Pitching for Modesto Nuts : RHP Juan Medina
Batting: RHB Dan Carter 0-0: Swinging Strike
0-1: Ball
1-1: Ball
2-1: Called Strike
2-2: Ball
3-2: Strikes out looking
Batting: LHB Jonathan McNeal 0-0: Called Strike
0-1: Ball
1-1: Ball
2-1: Fly out, F5 (Popup, 5S, EV 82.5 MPH)
Batting: LHB Donnie Briggs 0-0: Called Strike
0-1: Ball
1-1: Fly out, F7 (Line Drive, 7, EV 87.5 MPH)
Top of the 4th over - 0 runs, 0 hits, 0 errors, 0 left on base; Stockton 0 - Modesto 2
BOTTOM OF THE 4TH
Modesto Nuts batting - Pitching for Stockton Ports : LHP Artie Hendricks
Batting: LHB Luis Pérez 0-0: Called Strike
0-1: Ball
1-1: Foul Ball, location: 2F
1-2: Ball
2-2: Foul Ball, location: 2F
2-2: Foul Ball, location: 7LMF
2-2: Strikes out swinging
Batting: RHB Dan Smith 0-0: Ball
1-0: Foul Ball, location: 2F
1-1: SOLO HOME RUN (Flyball, 78XD, EV 111.9 MPH), Distance : 431 ft
Batting: RHB Terence Collins 0-0: Ball
1-0: Ball
2-0: SINGLE (Line Drive, 89M, EV 87.5 MPH)
Batting: LHB Marc Hooke 0-0: Called Strike
0-1: Ball
1-1: Ball
2-1: Grounds into double play, 3-6-1 (Groundball, 3, EV 85.0 MPH)
Bottom of the 4th over - 1 run, 2 hits, 0 errors, 0 left on base; Stockton 0 - Modesto 3
TOP OF THE 5TH
Stockton Ports batting - Pitching for Modesto Nuts : RHP Juan Medina
Batting: LHB Artie Hendricks 0-0: Ball
1-0: Foul Ball, location: 7LSF
1-1: Ball
2-1: Swinging Strike
2-2: Foul Ball, location: 2F
2-2: Ground out 2-3 (Groundball, 2L, EV 68.8 MPH)
Batting: RHB Don Thompson 0-0: Called Strike
0-1: Swinging Strike
0-2: Ball
1-2: Ball
2-2: Foul Ball, location: 9LDF
2-2: Ball
3-2: Strikes out swinging
Batting: LHB Clint Novak 0-0: Ball
1-0: Swinging Strike
1-1: Swinging Strike
1-2: Ball
2-2: Ball
3-2: Foul Ball, location: 7LMF
3-2: Foul Ball, location: 9LDF
3-2: Strikes out looking
Top of the 5th over - 0 runs, 0 hits, 0 errors, 0 left on base; Stockton 0 - Modesto 3
BOTTOM OF THE 5TH
Modesto Nuts batting - Pitching for Stockton Ports : LHP Artie Hendricks
Batting: RHB Gene Long 0-0: Ball
1-0: Ground out 3-1 (Groundball, 34, EV 81.3 MPH)
Batting: LHB Juan Alvarado 0-0: Ball
1-0: Ball
2-0: Ground out 5-3 (Groundball, 56S, EV 76.3 MPH)
Batting: RHB Arturo López 0-0: Fly out, F6 (Popup, 6S, EV 80.6 MPH)
Bottom of the 5th over - 0 runs, 0 hits, 0 errors, 0 left on base; Stockton 0 - Modesto 3
TOP OF THE 6TH
Stockton Ports batting - Pitching for Modesto Nuts : RHP Juan Medina
Batting: RHB Héctor Cintrón 0-0: Ball
1-0: Ball
2-0: Ball
3-0: Base on Balls
Batting: RHB Mario Miranda 0-0: Ball
1-0: Hit by Pitch
Héctor Cintrón to second
Batting: RHB Sergio Chapa 0-0: Sac Bunt to 2L - play at first, batter OUT! 2-3
Héctor Cintrón to third
Mario Miranda to second
Batting: RHB Dan Carter 0-0: Ball
1-0: Ball
2-0: Ball
3-0: Called Strike
3-1: Fly out, F7 (Flyball, 7D, EV 91.9 MPH)
Runner from 3rd tags up, SCORES, no throw by LF
Mario Miranda to third
Batting: LHB Jonathan McNeal 0-0: Called Strike
0-1: SINGLE (Line Drive, 8RS, EV 100.0 MPH)
Mario Miranda scores
Batting: LHB Donnie Briggs 0-0: Foul Ball, location: 7LSF
0-1: Ball
1-1: Ball
2-1: SINGLE (Groundball, 4MD, EV 97.5 MPH)
Jonathan McNeal to second
Batting: LHB Artie Hendricks 0-0: Swinging Strike
0-1: SINGLE (Groundball, 4MD, EV 95.6 MPH)
Jonathan McNeal to third
Donnie Briggs to second
Runner from 3rd tries for Home, throw by CF and OUT! 8-2
Top of the 6th over - 2 runs, 3 hits, 0 errors, 2 left on base; Stockton 2 - Modesto 3
BOTTOM OF THE 6TH
Modesto Nuts batting - Pitching for Stockton Ports : LHP Artie Hendricks
Batting: SHB Luis Vera 0-0: Ball
1-0: Swinging Strike
1-1: Ball
2-1: Swinging Strike
2-2: Ground out 4-3 (Groundball, 4M, EV 107.5 MPH)
Batting: RHB Álex Ibarra 0-0: Called Strike
0-1: Ball
1-1: Called Strike
1-2: Fly out, F8 (Flyball, 8RM, EV 81.3 MPH)
Batting: LHB Luis Pérez 0-0: Ball
1-0: Fly out, F8 (Flyball, 8LM, EV 81.3 MPH)
Bottom of the 6th over - 0 runs, 0 hits, 0 errors, 0 left on base; Stockton 2 - Modesto 3
TOP OF THE 7TH
Stockton Ports batting - Pitching for Modesto Nuts : RHP Juan Medina
Pinch Hitting: RHB Pat Berryman 0-0: Ball
1-0: Ball
2-0: Ball
3-0: Called Strike
3-1: Base on Balls
Batting: LHB Clint Novak 0-0: Ball
1-0: Hit by Pitch
Pat Berryman to second
Pitching: RHP Juan Carlos Martínez
Batting: RHB Héctor Cintrón 0-0: Swinging Strike
0-1: Swinging Strike
0-2: Strikes out swinging
Pinch Hitting: RHB Marc Cummins 0-0: Fly out, F8 (Flyball, 8LM, EV 87.5 MPH)
Pinch Hitting: LHB Arturo Reyes 0-0: Ball
1-0: Called Strike
1-1: Swinging Strike
1-2: Ball
2-2: Ball
3-2: Foul Ball, location: 2F
3-2: SINGLE (Line Drive, 8RS, EV 99.4 MPH)
Pat Berryman to third
Clint Novak to second
Pat Berryman scores
Clint Novak to third
Batting: RHB Dan Carter 0-0: Swinging Strike
0-1: Fielders Choice at 2nd, 6-4 (Groundball, 6, EV 90.0 MPH)
Top of the 7th over - 1 run, 1 hit, 0 errors, 2 left on base; Stockton 3 - Modesto 3
BOTTOM OF THE 7TH
Modesto Nuts batting - Pitching for Stockton Ports : LHP Artie Hendricks
Pitching: RHP Joaquín Díaz
Now at SS: Arturo Reyes
Now in CF: Ángelo Lacero
Now in RF: Pat Berryman
Batting: RHB Dan Smith 0-0: Swinging Strike
0-1: Called Strike
0-2: Strikes out swinging
Batting: RHB Terence Collins 0-0: Ball
1-0: Ground out 6-3 (Groundball, 6S, EV 67.5 MPH)
Batting: LHB Marc Hooke 0-0: Ball
1-0: Called Strike
1-1: Ball
2-1: Ball
3-1: SINGLE (Line Drive, 7S, EV 111.3 MPH)
Batting: RHB Gene Long 0-0: Called Strike
0-1: Swinging Strike
0-2: Ball
1-2: Ball
2-2: Strikes out swinging
Bottom of the 7th over - 0 runs, 1 hit, 0 errors, 1 left on base; Stockton 3 - Modesto 3
TOP OF THE 8TH
Stockton Ports batting - Pitching for Modesto Nuts : RHP Juan Carlos Martínez
Batting: LHB Jonathan McNeal 0-0: Ball
1-0: Foul Ball, location: 7LSF
1-1: Swinging Strike
1-2: Ball
2-2: Fly out, F7 (Flyball, 7D, EV 92.5 MPH)
Batting: LHB Donnie Briggs 0-0: Swinging Strike
0-1: Foul Ball, location: 2F
0-2: Foul Ball, location: 5F
0-2: Strikes out looking
Batting: LHB Artie Hendricks 0-0: Ball
1-0: Fly out, F6 (Popup, 4MS, EV 66.9 MPH)
Top of the 8th over - 0 runs, 0 hits, 0 errors, 0 left on base; Stockton 3 - Modesto 3
BOTTOM OF THE 8TH
Modesto Nuts batting - Pitching for Stockton Ports : RHP Joaquín Díaz
Batting: LHB Juan Alvarado 0-0: Called Strike
0-1: Foul Ball, location: 7LDF
0-2: Ball
1-2: Foul Ball, location: 2F
1-2: Ground out 6-3 (Groundball, 56, EV 87.5 MPH)
Batting: RHB Arturo López 0-0: Foul Ball, location: 3F
0-1: Foul Ball, location: 9LMF
0-2: Strikes out looking
Batting: SHB Luis Vera 0-0: Ball
1-0: Swinging Strike
1-1: Foul Ball, location: 2F
1-2: Ball
2-2: Ball
3-2: DOUBLE (Line Drive, 89D, EV 106.3 MPH)
Batting: RHB Álex Ibarra 0-0: Ball
1-0: Swinging Strike
1-1: Ball
Wild Pitch!
Luis Vera to third
2-1: Foul Ball, location: 2F
2-2: Foul Ball, location: 9LSF
2-2: Ball
3-2: Foul Ball, location: 5DF
3-2: Fly out, F8 (Flyball, 8RS, EV 93.1 MPH)
Bottom of the 8th over - 0 runs, 1 hit, 0 errors, 1 left on base; Stockton 3 - Modesto 3
TOP OF THE 9TH
Stockton Ports batting - Pitching for Modesto Nuts : RHP Juan Carlos Martínez
Batting: RHB Pat Berryman 0-0: Fly out, F8 (Flyball, 78M, EV 93.1 MPH)
Pinch Hitting: RHB Manny López 0-0: Swinging Strike
0-1: Called Strike
0-2: Strikes out looking
Pinch Hitting: RHB Manny Rodríguez 0-0: Ball
1-0: Called Strike
1-1: Foul Ball, location: 2F
1-2: Ball
2-2: Strikes out swinging
Top of the 9th over - 0 runs, 0 hits, 0 errors, 0 left on base; Stockton 3 - Modesto 3
BOTTOM OF THE 9TH
Modesto Nuts batting - Pitching for Stockton Ports : RHP Joaquín Díaz
Pitching: LHP Alfredo Licci
Now at C: Manny López
Now at 1B: Donnie Briggs
Now in LF: Manny Rodríguez
Pinch Hitting: RHB Pat Jackson 0-0: Called Strike
0-1: Foul Ball, location: 2F
0-2: Ball
1-2: Hit by Pitch
Batting: RHB Dan Smith 0-0: Bunt missed!
0-1: Bunt missed!
0-2: Fly out, F8 (Flyball, 8RM, EV 92.5 MPH)
Batting: RHB Terence Collins 0-0: Foul Ball, location: 23FF
0-1: Foul Ball, location: 2F
0-2: Ball
1-2: Ball
2-2: SINGLE (Line Drive, 7S, EV 86.3 MPH)
Pat Jackson to second
Pinch Hitting: RHB José Chávez 0-0: Foul Ball, location: 7LMF
0-1: Swinging Strike
0-2: Ball
1-2: Ball
2-2: Ball
3-2: SINGLE (Groundball, 56D, EV 105.6 MPH)
Pat Jackson to third
Terence Collins to second
Runner from 3rd tries for Home, throw by LF and OUT! 7-2
Terence Collins to third
José Chávez to second
Pinch Hitting: RHB Albert Martínez Jr. 0-0: Intentional Walk
Pinch Hitting: RHB Manny White 0-0: Swinging Strike
0-1: Called Strike
0-2: Ball
1-2: Fly out, F7 (Flyball, 7LM, EV 78.1 MPH)
Bottom of the 9th over - 0 runs, 2 hits, 0 errors, 3 left on base; Stockton 3 - Modesto 3
TOP OF THE 10TH
Stockton Ports batting - Pitching for Modesto Nuts : RHP Juan Carlos Martínez
Pitching: RHP Raúl Sánchez
Now at 2B: José Chávez
Now at 3B: Albert Martínez Jr.
Now at SS: Arturo López
Now in CF: Shaun Anderson Jr.
Now in RF: Pat Jackson
Batting: RHB Ángelo Lacero 0-0: Ball
1-0: Swinging Strike
1-1: Ball
2-1: Ball
3-1: Swinging Strike
3-2: Strikes out looking
Batting: LHB Arturo Reyes 0-0: Fly out, F7 (Flyball, 7, EV 86.3 MPH)
Batting: RHB Dan Carter 0-0: SINGLE (Groundball, 6S, EV 73.8 MPH) (infield hit)
Batting: LHB Jonathan McNeal 0-0: Ground out 5-3 (Groundball, 56S, EV 65.6 MPH)
Top of the 10th over - 0 runs, 1 hit, 0 errors, 1 left on base; Stockton 3 - Modesto 3
BOTTOM OF THE 10TH
Modesto Nuts batting - Pitching for Stockton Ports : LHP Alfredo Licci
Pitching: RHP Ismael Guerrero
Batting: RHB Arturo López 0-0: Called Strike
0-1: Ball
1-1: Foul Ball, location: 7LSF
1-2: Ball
2-2: Foul Ball, location: 5DF
2-2: Ball
3-2: Strikes out swinging
Batting: SHB Luis Vera 0-0: Ball
1-0: Swinging Strike
1-1: Ball
2-1: SINGLE (Line Drive, 6D, EV 95.0 MPH)
Batting: RHB Álex Ibarra 0-0: Called Strike
Luis Vera steals 2nd base
0-1: Foul Ball, location: 9LDF
0-2: Ball
1-2: Foul Ball, location: 2F
1-2: Strikes out swinging
Batting: RHB Pat Jackson 0-0: Intentional Walk
Batting: RHB Dan Smith 0-0: Ball
1-0: Foul Ball, location: 9LSF
1-1: Ball
2-1: Ground out U3 (Groundball, 3, EV 83.1 MPH)
Bottom of the 10th over - 0 runs, 1 hit, 0 errors, 2 left on base; Stockton 3 - Modesto 3
TOP OF THE 11TH
Stockton Ports batting - Pitching for Modesto Nuts : RHP Raúl Sánchez
Batting: LHB Donnie Briggs 0-0: Fly out, F8 (Line Drive, 8LM, EV 81.9 MPH)
Batting: LHB Artie Hendricks 0-0: Ball
1-0: Ball
2-0: Foul Ball, location: 7LSF
2-1: Ball
3-1: Base on Balls
Batting: RHB Pat Berryman 0-0: Ball
Artie Hendricks is caught stealing 2nd base 2-4
1-0: Fly out, F9 (Flyball, 9S, EV 98.1 MPH)
Top of the 11th over - 0 runs, 0 hits, 0 errors, 0 left on base; Stockton 3 - Modesto 3
BOTTOM OF THE 11TH
Modesto Nuts batting - Pitching for Stockton Ports : RHP Ismael Guerrero
Pinch Hitting: LHB Alex Pierce 0-0: Swinging Strike
0-1: SINGLE (Groundball, 6M, EV 85.6 MPH) (infield hit)
Batting: RHB José Chávez 0-0: Called Strike
Alex Pierce steals 2nd base
0-1: Bunt - Flyout to 5S! F5
Batting: RHB Albert Martínez Jr. 0-0: Intentional Walk
Pinch Hitting: RHB Dan Merritt 0-0: Hit by Pitch
Alex Pierce to third
Albert Martínez Jr. to second
Batting: RHB Arturo López 0-0: Ball
1-0: Grounds into fielders choice 4-2 (Groundball, 4, EV 91.3 MPH)
Albert Martínez Jr. to third
Dan Merritt to second
Batting: SHB Luis Vera 0-0: Ball
1-0: Ball
2-0: Ball
3-0: Base on Balls
Albert Martínez Jr. scores
Dan Merritt to third
Arturo López to second
Bottom of the 11th over - 1 run, 1 hit, 0 errors, 3 left on base; Stockton 3 - Modesto 4
Wednesday, May 1st , 2024 - OOTP Baseball 24.10 Build 82